 Dungeon Crawl Stone Soup version 0.20-a0-556-g892c87b (webtiles) character file.

89 polly the Shield-Bearer (level 4, -7/29 HPs)
             Began as a Gargoyle Fighter on Feb 5, 2017.
             Killed from afar by Sigmund (12 damage)
             ... with a puff of flame
             ... on level 3 of the Dungeon.
             The game lasted 00:02:25 (1733 turns).

polly the Shield-Bearer (Gargoyle Fighter)          Turns: 1733, Time: 00:02:26

Health: -7/29      AC: 10    Str: 20    XL:     4   Next: 55%
Magic:  4/4        EV:  7    Int:  9    God:
Gold:   81         SH:  9    Dex:  9    Spells: 3/3 levels left

rFire    . . .     SeeInvis .   a - +0 flail
rCold    . . .     Gourm    .   b - +0 scale mail
rNeg     + . .     Faith    .   c - +0 shield
rPois    ∞         Spirit   .   (no helmet)
rElec    +         Reflect  .   (no cloak)
rCorr    .         Harm     .   (no gloves)
MR       .....                  (no boots)
Stlth    ..........             (no amulet)
Regen    0.1/turn               (no ring)
                                (no ring)

@: no status effects
A: negative energy resistance 1, electricity resistance, unbreathing,
petrification resistance, rot immunity, AC +3
a: no special abilities


You were on level 3 of the Dungeon.
You were not hungry.

You visited 1 branch of the dungeon, and saw 3 of its levels.

You collected 81 gold pieces.

Inventory:

Hand Weapons
 a - a +0 flail (weapon)
Armour
 b - a +0 scale mail (worn)
 c - a +0 shield (worn)
Scrolls
 e - 4 scrolls of identify {unknown}
 j - a scroll of remove curse {unknown}
 n - a scroll of amnesia {unknown}
 o - a scroll of fear {unknown}
Potions
 d - a potion of might
 g - a potion of flight {unknown}
 h - a potion of mutation {unknown}
 i - 2 potions of curing {unknown}
 k - a potion of brilliance {unknown}
 m - a potion of beneficial mutation {unknown}
 p - a potion of cancellation {unknown}
 q - 2 potions of heal wounds {unknown}
Comestibles
 f - a bread ration
 l - a fruit


   Skills:
 + Level 3.8 Fighting
 + Level 3.1 Maces & Flails
 + Level 3.7 Armour
 + Level 0.4 Dodging
 + Level 0.2 Stealth
 + Level 4.1 Shields


You had 3 spell levels left.
You didn't know any spells.

Dungeon Overview and Level Annotations

Branches:
Dungeon (3/15)

Altars:

Annotations:
D:3 Sigmund


Innate Abilities, Weirdness & Mutations

You are resistant to torment.
Your stone body is resilient. (AC +3)
You are immune to poison.
You resist negative energy. (rN+)
You are resistant to electric shocks. (rElec)
You can survive without breathing.
You are immune to petrification.
You are immune to rotting.


Message History

Something hits you.
You see here a bat corpse.
Something hits you but does no damage.
You thump something! Something hits you.
You barely miss something. You block something's attack.
Your shield prevents you from hitting something.
You hear some strange, mumbled words.
Something tries to affect you, but you resist.
Your shield prevents you from hitting something.
Something hits you!
* * * LOW HITPOINT WARNING * * *
You closely miss something. You block something's attack.
You hit something.
You hear some strange, mumbled words.
Something tries to affect you, but you resist.
You hit something but do no damage.
You hear some strange, mumbled words.
A puff of flame appears from out of thin air!
The puff of flame hits you!
You die...

##############
#............#
#.##########.#
#.# #.# #.# #.#
##### #.# #.#
.....>######.#
#.# #...{@.#.#
#.# #..###†#.#
#.# #.. #.#.#
#.# #.. #.#.#
#.# ..@
#.#.##########.#
#...
#.#............#
#...
#.###########..#
#... #.#
#..........##
#.#
#.######...<.


There were no monsters in sight!

Vanquished Creatures
  2 adders (D:2)
  2 oozes (D:1)
  2 worms
  A dart slug (D:2)
  A leopard gecko (D:2)
  A ball python (D:1)
  2 bats (D:3)
  4 giant cockroaches
  5 goblins
  8 hobgoblins
  2 jackals (D:3)
  6 kobolds
  2 quokkas (D:2)
  5 frilled lizards
  8 rats
51 creatures vanquished.

Notes
Turn   | Place    | Note
-------+----------+-------------------------------------------
     0 | D:1      | polly the Gargoyle Fighter began the quest for the Orb.
     0 | D:1      | Reached XP level 1. HP: 14/14 MP: 1/1
   109 | D:1      | Reached XP level 2. HP: 18/19 MP: 2/2
   339 | D:1      | Reached XP level 3. HP: 21/24 MP: 3/3
  1005 | D:2      | Reached XP level 4. HP: 28/29 MP: 4/4
  1014 | D:2      | Reached skill level 4 in Shields
  1706 | D:3      | Noticed Sigmund
  1733 | D:3      | Killed from afar by Sigmund

Vault maps used:
D:1:      doesnt_arrival_goblin_jail
D:3:      overflow_temple_1_default, uniq_sigmund

Skill      XL: |  1  2  3  4 |
---------------+-------------+-----
Shields        | 4 |  4.1
Maces & Flails | 3 |  3.1
Fighting       | |  3.8
Armour         | |  3.7
Dodging        | |  0.4
Stealth        | |  0.2

Action                   |  1- 3 |  4- 6 || total
-------------------------+-------+-------++-------
Melee: Flail             |   118 |    69 ||   187
  Eat: Chunk             |       |     3 ||     3
Armor: Scale mail        |    63 |    42 ||   105
Dodge: Dodged            |    32 |    31 ||    63
Block: Shield            |    59 |    42 ||   101
